 Dungeon Crawl Stone Soup version 0.27-a0-1416-g941b2bd30b (webtiles) character file.

Game seed: 9721618856425846504

235 tilp the Caller (level 6, 0/47 HPs)
             Began as a Barachi Summoner on July 1, 2021.
             Slain by an ogre (14 damage)
             ... on level 4 of the Dungeon.
             The game lasted 00:06:19 (3804 turns).

tilp the Caller (Barachi Summoner)                  Turns: 3804, Time: 00:06:20

Health: 0/47       AC:  8    Str: 11    XL:     6   Next: 5%
Magic:  10/10      EV: 11    Int: 15    God:
Gold:   35         SH:  0    Dex: 13    Spells: 8/11 levels left

rFire    . . .     SeeInvis .   a - +3 long sword (vorpal)
rCold    . . .     Faith    .   (no shield)
rNeg     . . .     Spirit   .   i - +1 ring mail
rPois    .         Reflect  .   d - +1 helmet
rElec    .         Harm     .   (no cloak)
rCorr    .         Rampage  .   (no gloves)
Will     .....                  (no boots)
Stlth    +.........             (no amulet)
HPRegen  0.15/turn              (no ring)
MPRegen  0.12/turn              (no ring)

@: unable to hop, slow
A: amphibious, slowness 1, strong legs 1, +LOS
a: Hop


You were on level 4 of the Dungeon.
You visited 1 branch of the dungeon, and saw 4 of its levels.

You collected 71 gold pieces.
You spent 36 gold pieces at shops.

Inventory:

Hand Weapons
 a - a +3 vorpal long sword (weapon)
 b - a +1 vorpal hand axe
Missiles
 g - 9 poisoned darts (quivered)
Armour
 d - a +1 helmet (worn)
 i - a +1 ring mail (worn)
Jewellery
 f - an amulet of guardian spirit
Wands
 h - a wand of digging (2)
Scrolls
 e - a scroll of magic mapping
 m - a scroll of enchant weapon
 o - a scroll of identify
Potions
 c - a potion of brilliance {unknown}
 j - 2 potions of heal wounds {unknown}
 k - 2 potions of curing
 l - 2 potions of attraction
 n - a potion of berserk rage {unknown}


   Skills:
 + Level 3.4 Fighting
 + Level 3.3 Dodging
 + Level 2.9 Stealth
 - Level 3.0 Spellcasting
 - Level 6.0 Summonings


You had 8 spell levels left.
You knew the following spells:

 Your Spells              Type           Power      Damage    Failure   Level
a - Summon Small Mammal   Summ           80%        N/A       4%          1
b - Call Imp              Summ           20%        N/A       6%          2

Your spell library contained the following spells:

 Spells                   Type           Power      Damage    Failure   Level
 Call Canine Familiar     Summ           20%        N/A       12%         3
 Summon Guardian Golem    Hex/Summ       11%        N/A       38%         3
 Summon Ice Beast         Ice/Summ       11%        N/A       80%         4
 Summon Lightning Spire   Summ/Air       11%        N/A       80%         4
 Ignite Poison            Fire/Tmut/Pois 2%         N/A       82%         3
 Mephitic Cloud           Conj/Pois/Air  2%         N/A       82%         3
 Stone Arrow              Conj/Erth      4%         3d7       82%         3
 Bolt of Magma            Conj/Fire/Erth 1%         4d4       100%        5
 Shatter                  Erth           1%         3d5*      100%        9


Dungeon Overview and Level Annotations

Branches:
Dungeon (4/15)
 Temple: D:4-7

Altars:
Cheibriados
Dithmenos
Ru
Sif Muna

Shops:
D:1 *   D:2 =

Annotations:
D:3 2 transporters, Lanoc's ghost, amateur DsBr


Innate Abilities, Weirdness & Mutations

You are amphibious.
You cover ground slowly.
You can hop short distances.
You have an extended range of vision and can be seen from far away.


Message History

You feel stronger.
Unknown command.
A kobold is nearby!
You barely miss the kobold. The kobold barely misses you.
You hit the kobold.
The kobold is severely wounded.
The kobold hits you but does no damage. The kobold closely misses you.
You hit the kobold.
You kill the kobold!
No target in view!
Things that are here:
a +0 whip; 2 stones; a kobold corpse
n - a golden potion
o - a scroll of identify You see here a hobgoblin corpse.
A goblin comes into view. It is wielding a +0 club.
Found a brown potion.
Found a stone staircase leading up.
A scorpion and an ogre come into view.
The goblin shouts!
You hit the goblin.
You kill the goblin!
The scorpion misses you.
You riposte.
You closely miss the scorpion.
Unknown command.
The scorpion stings you.
Hop to where?
Press: ? - help, Dir - move target Boing!
The scorpion stings you.
The ogre hits you with a +0 giant spiked club!!
Ouch! That really hurt!
* * * LOW HITPOINT WARNING * * *
The scorpion stings you.
* * * LOW HITPOINT WARNING * * *
There is a stone staircase leading up here.
Okay, then.
Okay, then.
Okay, then.
The scorpion barely misses you.
You riposte.
You closely miss the scorpion.
The ogre hits you with a +0 giant spiked club!
You die...

##############
###............
#............#
.##.#..........##
..........^..!..## #
...#.........<...####.#.<
.........................
....#..........O........#
....##.........s@.........##
....##).................)..
...##...........##........
...##...........##.....#.
.................#.......
....#..........#.#.....#.
....#....?.............#
....##...........#.....#
..#..##....(.....#..<..#


You could see an ogre and a scorpion.

Vanquished Creatures
  Jessica (D:2)
  A hound skeleton (D:4)
  3 gnolls (D:2)
  An adder (D:2)
  An ufetubus (D:4)
  3 worms
  A dart slug (D:2)
  5 ball pythons
  5 endoplasms
  5 goblins
  3 hobgoblins
  4 jackals (D:3)
  A quokka (D:3)
  4 bats
  A frilled lizard (D:2)
  3 kobolds
  2 rats
44 creatures vanquished.

Vanquished Creatures (collateral kills)
  A hound (D:3)
  Terence (D:2)
  Natasha (thrice) (D:3)
  A gnoll (D:3)
  2 endoplasms
  2 hobgoblins (D:1)
  A kobold (D:1)
  2 quokkas (D:1)
  A ball python (D:3)
  A frilled lizard (D:2)
  2 goblins (D:1)
  3 rats (D:1)
20 creatures vanquished.

Grand Total: 64 creatures vanquished

Notes
Turn   | Place    | Note
-------+----------+-------------------------------------------
     0 | D:1      | tilp the Barachi Summoner began the quest for the Orb.
     0 | D:1      | Reached XP level 1. HP: 13/13 MP: 3/3
   119 | D:1      | Reached skill level 1 in Fighting
   426 | D:1      | Reached XP level 2. HP: 14/22 MP: 1/5
   615 | D:1      | Found Puodoraz's General Store.
  1161 | D:1      | Learned a level 2 spell: Call Imp
  1194 | D:2      | Reached skill level 5 in Summonings
  1194 | D:2      | Reached XP level 3. HP: 20/27 MP: 3/6
  1637 | D:2      | Noticed Terence
  1704 | D:3      | Found a shimmering blue altar of Sif Muna.
  2092 | D:3      | Noticed Lanoc's ghost (amateur DsBr)
  2098 | D:3      | Reached XP level 4. HP: 27/33 MP: 3/8
  2154 | D:3      | Found a sacrificial altar of Ru.
  2189 | D:3      | Noticed Natasha
  2193 | D:3      | Killed Natasha
  2376 | D:3      | Found a snail-covered altar of Cheibriados.
  2428 | D:2      | Reached skill level 6 in Summonings
  2481 | D:1      | Bought a potion of curing for 36 gold pieces
  2596 | D:2      | Killed Terence
  2597 | D:2      | Noticed Jessica
  2604 | D:2      | Killed Jessica
  2605 | D:2      | Reached XP level 5. HP: 23/39 MP: 1/9
  3078 | D:2      | Found Ota Deck's Jewellery Shop.
  3397 | D:3      | Noticed Natasha
  3403 | D:3      | Killed Natasha
  3461 | D:3      | Found a transporter.
  3468 | D:3      | Found a transporter.
  3481 | D:3      | Noticed Natasha
  3488 | D:3      | Killed Natasha
  3649 | D:4      | Found a shadowy altar of Dithmenos.
  3725 | D:4      | Reached XP level 6. HP: 39/47 MP: 10/10
  3804 | D:4      | Slain by an ogre

Illustrated notes

Levels and vault maps discovered:
D:1:      minmay_arrival_up_and_down, layout_rooms, serial_shops, shop
D:2:      layout_loops_ring, serial_shops, shop, uniq_terence, uniq_jessica
D:3:      layout_rooms, lemuel_tele_altar, nicolae_sif_muna_condensation,
          lemuel_coloured_pillars_altar, gammafunk_ghost_arena,
          grunt_ministairs_8, uniq_natasha
D:4:      layout_rooms, trog_wizard, nicolae_dithmenos_through_a_glass_darkly,
          minmay_ruined_shrine

Skill      XL: |  1  2  3  4  5 |
---------------+----------------+-----
Fighting       | 1 2 3 |  3.4
Summonings     | 5 6 |  6.0
Spellcasting   | 3 |  3.0
Stealth        | 2 |  2.9
Dodging        | 3 |  3.3

Action                   |  1- 3 |  4- 6 || total
-------------------------+-------+-------++-------
Melee: Hand axe          |    33 |       ||    33
       Unarmed           |     1 |       ||     1
       Long sword        |    38 |    51 ||    89
 Cast: Summon Small Mamm |    31 |       ||    31
       Call Imp          |    15 |    20 ||    35
 Abil: Hop               |     1 |     1 ||     2
  Use: Scroll            |     6 |     3 ||     9
 Stab: Distracted        |     2 |       ||     2
       Sleeping          |     1 |     1 ||     2
Armor: Robe              |     3 |       ||     3
       Ring mail         |    37 |    21 ||    58
Dodge: Dodged            |    62 |    33 ||    95
       Rpst.: Long sword |    12 |     8 ||    20

Table legend: (Time is in decaauts)
 A = Elapsed time spent in this place.
 B = Non-inter-level travel time spent in this place.
 C = Inter-level travel time spent in this place.
 D = Time resting spent in this place.
 E = Time spent auto-exploring this place.
 F = Levels seen in this place.
 G = Mean time per level.
                   A        B        C        D        E       F      G
               +--------+--------+--------+--------+--------+-----+--------+
         Total |   4171 |   3944 |    227 |   1151 |   2035 |   4 | 1042.8 |
       Dungeon |   4171 |   3944 |    227 |   1151 |   2035 |   4 | 1042.8 |
               +--------+--------+--------+--------+--------+-----+--------+

Top non-repeatable levels by time:
     D:3: 1353 daAuts
     D:2: 1333 daAuts
     D:1: 1314 daAuts
     D:4: 171 daAuts
